 Dungeon Crawl Stone Soup version 0.30-a0-140-gd1020e658a (webtiles) character file.

Game seed: 4193797815667618446

195 Decritt the Trooper (level 5, -4/47 HPs)
             Began as a Minotaur Berserker on Sept 24, 2022.
             Was a Believer of Trog.
             Slain by a gnoll sergeant
             ... wielding a +3 trident of protection
              (12 damage)
             ... on level 2 of the Dungeon.
             The game lasted 00:04:18 (1986 turns).

Decritt the Trooper (Minotaur Berserker)            Turns: 1986, Time: 00:04:18

Health: -4/47      AC:  8    Str: 24    XL:     5   Next: 45%
Magic:  4/4        EV: 11    Int:  4    God:    Trog [**....]
Gold:   130        SH:  0    Dex:  9    Spells: 4/4 levels left

rFire   . . .      SeeInvis .    a - +0 hand axe
rCold   . . .      Faith    .    (no shield)
rNeg    . . .      Spirit   .    h - +0 scale mail
rPois   .          Reflect  .    (helmet restricted)
rElec   .          Harm     .    (no cloak)
rCorr   +          Rampage  .    (no gloves)
Will    .....                    m - +0 pair of boots
Stlth   ..........               (no amulet)
HPRegen 0.15/turn                d - ring of resist corrosion
MPRegen 0.09/turn                (no ring)

@: on berserk cooldown, slowed, very slow
A: horns 2, retaliatory headbutt
a: Renounce Religion, Berserk, Trog's Hand


You were on level 2 of the Dungeon.
You worshipped Trog.
Trog was pleased with you.
You visited 1 branch of the dungeon, and saw 2 of its levels.

You collected 130 gold pieces.

Inventory:

Hand Weapons
 a - a +0 hand axe (weapon)
Armour
 b - a +0 animal skin
 h - a +0 scale mail (worn)
 m - a +0 pair of boots (worn)
Jewellery
 d - a ring of resist corrosion (left hand)
Wands
 o - a wand of light (2)
Scrolls
 c - a scroll of butterflies {unknown}
 e - 5 scrolls of identify {unknown}
 f - a scroll of brand weapon {unknown}
 g - 5 scrolls of teleportation {unknown}
 l - a scroll of torment {unknown}
 p - a scroll of immolation {unknown}
Potions
 i - a potion of heal wounds {unknown}
 j - a potion of magic {unknown}
 k - a potion of attraction {unknown}
 n - a potion of flight {unknown}


   Skills:
 + Level 4.9 Fighting
 + Level 4.8 Axes
 + Level 4.0 Armour
 + Level 3.7 Dodging


You had 4 spell levels left.
You didn't know any spells.
Your spell library was empty.

Dungeon Overview and Level Annotations

Branches:
Dungeon (2/15)

Altars:


Innate Abilities, Weirdness & Mutations

You have a pair of horns on your head.
You reflexively headbutt those who attack you in melee.


Message History

You are possessed by a berserker rage.
Your movement speed is very quick.
Your attack delay is about 0.7.
Your damage rating with your +0 hand axe is about 11 (Base 7 x 135% (Str) x 117% (Skill)).
Unknown command.
A gnoll opens the door.
Things that are here:
a +0 club; a +0 halberd You feel a strong urge to attack something.
You see here a +2 flail of holy wrath.
Things that are here:
a +0 club; a +0 halberd You feel your anger nearly subside.
Things that are here:
a +0 club; a +0 spear; a +0 hand axe You are no longer berserk.
You are exhausted.
You feel yourself slow down.
Things that are here:
a +0 club; a +0 halberd You see here a +2 flail of holy wrath.
A gnoll sergeant comes into view.
It is wielding a +3 trident of protection.
Found a glowing hand axe.
The gnoll sergeant shouts!
The gnoll hits you from afar with a +0 spear!
* * * LOW HITPOINT WARNING * * *
The gnoll sergeant moves out of view.
Found the +3 woodcutter's axe {vorpal}.
The gnoll barely misses you. x2
You hit the gnoll. Your headbutt misses the gnoll.
The gnoll is moderately wounded.
The gnoll closely misses you. The gnoll sergeant barely misses you.
The gnoll hits you with a +0 spear.
* * * LOW HITPOINT WARNING * * *
You closely miss the gnoll. You headbutt the gnoll!
You kill the gnoll!
Trog accepts your kill.
The gnoll sergeant hits you from afar with a +3 trident of protection!
* * * LOW HITPOINT WARNING * * *
The gnoll sergeant hits you but does no damage.
The gnoll sergeant hits you with a +3 trident of protection!
You die...

#..........# #####...#
#.........## ###.### #.#.#
....##.##.# #..)..#♣ #.#.#
..........#♣)#.....# #.#.#
..........#♣. ..... .♣#.#.#
..........#♣.###'###.♣#.#<#
..........#♣........)♣#...#
..........# ♣..♣g...♣ ##..#
.......##.# ♣))@♣.♣ #...#
.......##.# ♣.....♣
###..#### #.......#.#
♣♣...♣♣##.......#
##)...)##.#
♣)))♣##.....##.#
###...###.#
♣♣.♣♣#......##.#
..........# ♣.♣#######(##.#
###...###.# ###.##..#
#.##.# ##......####.......#
#.##.#
######............####....#


You could see a gnoll sergeant.

Vanquished Creatures
  Jessica (D:2)
  9 gnolls (D:2)
  2 adders (D:2)
  A worm (D:2)
  2 dart slugs
  6 endoplasms
  4 giant cockroaches (D:1)
  3 goblins
  4 hobgoblins
  4 jackals (D:2)
  5 kobolds
  A quokka (D:2)
  6 ball pythons
  4 bats
  3 frilled lizards
  6 rats
61 creatures vanquished.

Vanquished Creatures (others)
  A withered plant (D:1)
1 creature vanquished.

Grand Total: 62 creatures vanquished

Notes
Turn   | Place    | Note
-------+----------+-------------------------------------------
     0 | D:1      | Decritt the Minotaur Berserker began the quest for the Orb.
     0 | D:1      | Reached XP level 1. HP: 19/19 MP: 0/0
    72 | D:1      | Reached XP level 2. HP: 21/27 MP: 1/1
   535 | D:1      | Found a faded altar of an unknown god.
   813 | D:1      | Reached XP level 3. HP: 33/33 MP: 2/2
  1024 | D:2      | Reached ** piety under Trog
  1176 | D:2      | Noticed Jessica
  1180 | D:2      | Killed Jessica
  1181 | D:2      | Reached XP level 4. HP: 41/41 MP: 3/3
  1971 | D:2      | Reached XP level 5. HP: 41/47 MP: 4/4
  1983 | D:2      | Found the +3 woodcutter's axe {vorpal}
  1986 | D:2      | Slain by a gnoll sergeant

Illustrated notes

Levels and vault maps discovered:
D:1:      matt_arrival_refuge, layout_rooms, ebering_ecumenical_altar_petrified
D:2:      layout_loops_ring, kennysheep_small_spiral,
          pf_guarded_unrand_woodcutter, uniq_jessica

Skill      XL: |  1  2  3  4  5 |
---------------+----------------+-----
Fighting       | 4 |  4.9
Axes           | 4 |  4.8
Armour         | 3 4 |  4.0
Dodging        | 3 |  3.7

Action                   |  1- 3 |  4- 6 || total
-------------------------+-------+-------++-------
Melee: Hand axe          |    72 |    55 ||   127
       Headbutt          |     6 |    15 ||    21
       Punch             |     1 |       ||     1
Invok: Berserk           |     1 |     1 ||     2
       Trog's Hand       |       |     1 ||     1
Armor: Animal skin       |     7 |       ||     7
       Scale mail        |    28 |    24 ||    52
Dodge: Dodged            |    35 |    53 ||    88

Table legend: (Time is in decaauts)
 A = Elapsed time spent in this place.
 B = Non-inter-level travel time spent in this place.
 C = Inter-level travel time spent in this place.
 D = Time resting spent in this place.
 E = Time spent auto-exploring this place.
 F = Levels seen in this place.
 G = Mean time per level.
                   A        B        C        D        E       F      G
               +--------+--------+--------+--------+--------+-----+--------+
         Total |   2008 |   1991 |     17 |    217 |   1427 |   2 | 1004.0 |
       Dungeon |   2008 |   1991 |     17 |    217 |   1427 |   2 | 1004.0 |
               +--------+--------+--------+--------+--------+-----+--------+

Top non-repeatable levels by time:
     D:2: 1008 daAuts
     D:1: 1000 daAuts
